 Dungeon Crawl Stone Soup version 0.29.1-12-g30fa7ad0bf (webtiles) character file.

Game seed: 7857885137878110200

4 growler the Insei (level 1, -3/15 HPs)
             Began as a Merfolk Transmuter on Dec 23, 2022.
             Slain by a goblin
             ... wielding a +2 dagger of venom
              (4 damage)
             ... on level 1 of the Dungeon.
             The game lasted 00:00:36 (104 turns).

growler the Insei (Merfolk Transmuter)               Turns: 104, Time: 00:00:37

Health: -3/15      AC:  2    Str: 10    XL:     1   Next: 60%
Magic:  2/3        EV: 12    Int: 12    God:
Gold:   0          SH:  0    Dex: 14    Spells: 3/4 levels left

rFire   . . .      SeeInvis .     - Unarmed
rCold   . . .      Faith    .   (no shield)
rNeg    . . .      Spirit   .   a - +0 robe
rPois   .          Reflect  .   (helmet currently unavailable)
rElec   .          Harm     .   (no cloak)
rCorr   .          Rampage  .   (no gloves)
Will    .....                   (boots currently unavailable)
Stlth   +.........              (no amulet)
HPRegen 0.05/turn               (no ring)
MPRegen 0.08/turn               (no ring)

@: lethally poisoned (-3 -> -13), appendages (expiring)
A: horns 2, (nimble swimmer 2), mertail
a: End Transformation


You were on level 1 of the Dungeon.
You had temporarily grown beastly horns.
You visited 1 branch of the dungeon, and saw 1 of its levels.

Inventory:

Armour
 a - a +0 robe (worn)
Scrolls
 c - a scroll of teleportation {unknown}
Potions
 b - a potion of lignification


   Skills:
 + Level 1.3 Fighting
 - Level 2.6 Dodging
 + Level 3.3 Unarmed Combat
 - Level 2.0 Spellcasting
 + Level 2.9 Transmutations


You had 3 spell levels left.
You knew the following spells:

 Your Spells              Type           Power      Damage    Failure   Level
a - Beastly Appendage     Tmut           16%        N/A       9%          1

Your spell library contained the following spells:

 Spells                   Type           Power      Damage    Failure   Level
 Wereblood                Tmut           8%         N/A       12%         2
 Spider Form              Tmut/Pois      4%         N/A       41%         3
 Ice Form                 Ice/Tmut       4%         N/A       83%         4


Dungeon Overview and Level Annotations

Branches:
Dungeon (1/15)

Altars:


Innate Abilities, Weirdness & Mutations

You have temporarily grown beastly horns.
((You are very nimble when in or above water. (Stealth+, EV+, Speed+++)))
Your lower body shifts to a powerful aquatic tail in water.


Message History

A bat and a hobgoblin come into view.
You see here 14 gold pieces.
The hobgoblin shouts!
You hear a shout!
Casting: Beastly Appendage (safe; 9% risk of failure)
Confirm with . or Enter, or press ? or * to list all spells.
You grow a pair of large bovine horns.
The bat misses you.
You hit the bat. Your headbutt misses the bat.
The bat is severely wounded.
The bat barely misses you. The bat closely misses you.
A frilled lizard comes into view.
You hit the hobgoblin but do no damage. Your headbutt misses the hobgoblin.
The bat hits you but does no damage. The hobgoblin hits you.
A goblin comes into view. It is wielding a +2 dagger of venom.
You closely miss the hobgoblin. The bat barely misses you.
The hobgoblin closely misses you.
You barely miss the bat.
The goblin shouts!
You headbutt the bat.
You kill the bat!
The hobgoblin hits you.
You barely miss the hobgoblin. The hobgoblin hits you.
You are too injured to fight recklessly!
You are too injured to fight recklessly!
You are too injured to fight recklessly!
You hit the hobgoblin. You headbutt the hobgoblin.
You kill the hobgoblin!
Your transformation is almost over.
You hit the frilled lizard.
You kill the frilled lizard!
You barely miss the goblin.
The goblin hits you with a +2 dagger of venom.
* * * LOW HITPOINT WARNING * * *
You are lethally poisoned!
Unknown command.
You closely miss the goblin.
* * * LOW HITPOINT WARNING * * *
You feel very sick.
The goblin hits you with a +2 dagger of venom.
You die...

#
#.############.#
#.......††.....#
#..$.@g......
#.#########.#
#.# #.# #.# #.#
#.# #.# #.# #.#
#.# #.### #.#
#...#


You could see a goblin.

Vanquished Creatures
  2 hobgoblins (D:1)
  A bat (D:1)
  A frilled lizard (D:1)
4 creatures vanquished.

Notes
Turn   | Place    | Note
-------+----------+-------------------------------------------
     0 | D:1      | growler the Merfolk Transmuter began the quest for the Orb.
     0 | D:1      | Reached XP level 1. HP: 15/15 MP: 3/3
   104 | D:1      | Slain by a goblin

Illustrated notes

Levels and vault maps discovered:
D:1:      amcnicky_arrival_flooded_fountain, layout_loops_ring

Action                   || total
-------------------------++-------
Melee: Unarmed           ||    11
       Headbutt          ||     3
 Cast: Beastly Appendage ||     2
Armor: Robe              ||     1
Dodge: Dodged            ||     5
